 Dungeon Crawl Stone Soup version 0.16-a0-2179-gb75b79b (webtiles) character file.

53 Gorice the Magician (level 3, -9/28 HPs)
             Began as a Ghoul Wanderer on Nov 14, 2014.
             Mangled by an orc
             ... wielding a +0 mace of protection
              (10 damage)
             ... on level 3 of the Dungeon.
             The game lasted 00:11:37 (1924 turns).

Gorice the Magician (Ghoul Wanderer)                Turns: 1924, Time: 00:11:37

Health: -9/28      AC:  3    Str: 14    XL:     3   Next: 87%
Magic:  9/9        EV: 15    Int:  4    God:
Gold:   97         SH:  0    Dex: 18    Spells: 0 memorised, 11 levels left

rFire  . . .     SeeInvis .       - Unarmed
rCold  + . .     Clarity  .     j - +0 leather armour
rNeg   + + +     SustAb   .     (no shield)
rPois  +         Gourm    .     (no helmet)
rElec  .         Spirit   .     (no cloak)
rCorr  .         Warding  .     (no gloves)
rMut   .         Stasis   .     (no boots)
MR     .....                    (no amulet)
Stlth  ++........               (no ring)
                                (no ring)

@: agile, rotting, not resistant to hostile enchantments, unstealthy
A: rotting body, claws 1, carnivore 3, cold resistance 1, negative energy
resistance 3, poison resistance, slow healing 1, torment resistance, unbreathing
a: no special abilities


You were on level 3 of the Dungeon.
You were not hungry.

You visited 1 branch of the dungeon, and saw 3 of its levels.

You collected 97 gold pieces.

Inventory:

Hand weapons
 a - a +2 short sword
 b - a +0 hunting sling
Missiles
 i - 10 bolts
 Z - 55 stones (quivered)
Armour
 d - a +0 robe
 j - a +0 leather armour (worn)
 p - a cursed +0 pair of gloves
Scrolls
 e - a scroll of blinking
Potions
 h - a potion of agility
 k - 2 potions of brilliance
 l - a potion of restore abilities
 n - a potion of magic
Books
 c - Olgreb's Catalogue of Toxins

   Spells                             Type                      Level
   Sting                              Conjuration/Poison           1
   Spider Form                        Transmutation/Poison         3
 m - the Tome of the Escort

   Spells                             Type                      Level
   Summon Butterflies                 Summoning                    1
   Abjuration                         Summoning                    3
Comestibles
 f - a beef jerky
 g - a royal jelly


   Skills:
 - Level 1.1 Fighting
 - Level 1.7 Short Blades
   Level 1.0 Shields
 * Level 3.7 Unarmed Combat
 - Level 4.5 Spellcasting
   Level 1.0 Evocations


You had 11 spell levels left.
You didn't know any spells.

Dungeon Overview and Level Annotations

Branches:
Dungeon (3/15)

Altars:
Kikubaaqudgha
Xom
Zin

Shops:
D:2 *


Innate Abilities, Weirdness & Mutations

Your body is rotting away.
You thrive on raw meat.
You have sharp fingernails.
You are carnivorous and can eat meat at any time.
Your flesh is cold resistant.
You are immune to negative energy.
Your system is resistant to poisons.
You heal slowly when monsters are visible.
You are immune to unholy pain and torment.
You can survive without breathing.


Message History

You scratch the orc wizard.
The orc wizard begins to bleed from its wounds!
The orc wizard is moderately wounded.
The orc barely misses you. The orc wizard casts a spell at you.
The magic dart hits you!
You scratch the orc wizard.
The orc wizard is heavily wounded.
The orc wizard hits you but does no damage.
The orc hits you with a runed mace!
* * * LOW HITPOINT WARNING * * *
You scratch the orc wizard but do no damage.
The orc wizard is heavily wounded.
The orc wizard hits you with a runed dagger.
* * * LOW HITPOINT WARNING * * *
Unknown command.
Drink which item? (? for menu, Esc to quit)
You feel agile all of a sudden. The orc hits you with a runed mace!
You die...

. .
#.
..#
#.
..#.#
...
#o##
#.@#
#.o#
#...
..##.
#..
##
#..
#..
###


You could see an orc wizard (bleeding) and an orc (bleeding).

Vanquished Creatures
  An adder (D:2)
  2 worms (D:2)
  A giant gecko (D:2)
  An ooze (D:1)
  An orc (D:2)
  A giant cockroach (D:2)
  7 hobgoblins
  A ball python (D:2)
  2 bats (D:1)
  4 giant newts
  3 goblins
  5 kobolds
  4 rats (D:1)
33 creatures vanquished.

Vanquished Creatures (others)
  4 toadstools (D:1)
4 creatures vanquished.

Grand Total: 37 creatures vanquished

Notes
Turn   | Place    | Note
--------------------------------------------------------------
     0 | D:1      | Gorice, the Ghoul Wanderer, began the quest for the Orb.
     0 | D:1      | Gorice set off with: a +2 short sword, the Tome of the Escort, Olgreb's Catalogue of Toxins, a +0 robe
     0 | D:1      | Reached XP level 1. HP: 16/16 MP: 5/5
     0 | D:1      | Identified the Tome of the Escort
     0 | D:1      | Identified Olgreb's Catalogue of Toxins
    42 | D:1      | Reached skill level 1 in Unarmed Combat
   175 | D:1      | Reached XP level 2. HP: 23/23 MP: 7/7
   899 | D:2      | Found Zin's Purification Station.
   901 | D:2      | Found a glowing silver altar of Zin.
   990 | D:2      | Reached XP level 3. HP: 4/28 MP: 9/9
  1117 | D:2      | Found a shimmering altar of Xom.
  1384 | D:2      | Found an ancient bone altar of Kikubaaqudgha.
  1923 | D:3      | HP: 1/28 [orc wizard/runed dagger (1)]
  1924 | D:3      | Mangled by an orc

Action                   || total
-------------------------++-------
Melee: Short sword       ||   142
       Unarmed           ||    29
 Fire: Hunting sling     ||    17
Throw: Stone             ||    28
  Use: Scroll            ||     9
       Potion            ||     1
 Stab: Sleeping          ||     1
  Eat: Chunk             ||    12
